 Dungeon Crawl Stone Soup version 0.27.1-1-g398f81649c (webtiles) character file.

Game seed: 14856042025245477919

151 safid the Chopper (level 5, -7/46 HPs)
             Began as a Hill Orc Fighter on Sept 17, 2021.
             Mangled by Sigmund (13 damage)
             ... on level 3 of the Dungeon.
             The game lasted 00:04:56 (2410 turns).

safid the Chopper (Hill Orc Fighter)                Turns: 2410, Time: 00:04:56

Health: -7/46      AC:  8    Str: 20    XL:     5   Next: 33%
Magic:  5/5        EV:  7    Int:  8    God:
Gold:   77         SH:  9    Dex: 10    Spells: 4/4 levels left

rFire    . . .     SeeInvis .   a - +0 war axe
rCold    . . .     Faith    .   c - +0 kite shield
rNeg     . . .     Spirit   .   b - +0 scale mail
rPois    .         Reflect  .   (no helmet)
rElec    .         Harm     .   (no cloak)
rCorr    .         Rampage  .   m - +0 pair of gloves
Will     .....                  (no boots)
Stlth    ..........             (no amulet)
HPRegen  0.15/turn              n - ring of flight
MPRegen  0.09/turn              (no ring)

@: mighty, lethally poisoned (-7 -> -19), flying
A: no striking features
a: no special abilities


You were on level 3 of the Dungeon.
You visited 1 branch of the dungeon, and saw 3 of its levels.

You collected 77 gold pieces.

Inventory:

Hand Weapons
 a - a +0 war axe (weapon)
Missiles
 o - 9 boomerangs (quivered)
Armour
 b - a +0 scale mail (worn)
 c - a +0 kite shield (worn)
 m - a +0 pair of gloves (worn)
Jewellery
 n - a ring of flight (left hand)
Scrolls
 e - a scroll of identify {unknown}
 i - a scroll of magic mapping {unknown}
 j - a scroll of fog {unknown}
 k - a scroll of enchant weapon {unknown}
 l - a scroll of amnesia {unknown}
Potions
 f - a potion of resistance {unknown}
 g - a potion of lignification {unknown}
 h - a potion of curing {unknown}


   Skills:
 + Level 4.2 Fighting
 + Level 4.9 Axes
 + Level 4.1 Armour
 + Level 4.3 Shields


You had 4 spell levels left.
You didn't know any spells.
Your spell library contained the following spells:

 Spells                   Type           Power      Damage    Failure   Level
 Corona                   Hex            0%         N/A       99%         1
 Blink                    Tloc           N/A        N/A       100%        2
 Ensorcelled Hibernation  Hex/Ice        0%         N/A       100%        2
 Lesser Beckoning         Tloc           0%         N/A       100%        3
 Tukima's Dance           Hex            0%         N/A       100%        3
 Manifold Assault         Tloc           0%         N/A       100%        5


Dungeon Overview and Level Annotations

Branches:
Dungeon (3/15)

Altars:

Annotations:
D:3 Sigmund


Message History

Throw: 9 boomerangs
Press: ? - help, Q - select action Shift-Dir - straight line, f/p - Sigmund
Aim: Sigmund, wielding a +2 scythe of venom, wearing a +0 robe and carrying a wand of flame (16) (53% to hit)
You throw a boomerang. The boomerang barely misses Sigmund.
Sigmund points at you and mumbles some strange words.
You are confused.
Sigmund mumbles some strange words.
Sigmund flickers and vanishes!
Deactivating autopickup; reactivate with Ctrl-A.
You bump into the rock wall.
You hear a zap.
A puff of flame appears from out of thin air!
The puff of flame hits you.
Non-targeted confused throw: 9 boomerangs
Press: ? - help, Q - select action Dir - look around, f - activate You throw a boomerang.
You hear some strange, mumbled words.
A puff of flame appears from out of thin air!
The puff of flame misses you.
You hear a zap.
A puff of flame appears from out of thin air!
The puff of flame hits you!
You hear a zap.
A puff of flame appears from out of thin air!
The puff of flame hits you. Something hits you.
You are poisoned.
You're too confused to move!
You feel very sick. Something hits you!
You are lethally poisoned!
You bump into the rock wall.
You feel less confused.
* * * LOW HITPOINT WARNING * * *
You feel very sick.
You slash something!
* * * LOW HITPOINT WARNING * * *
You feel very sick. Something hits you!
You die...

......(# ....#.# .....#
... ..# ..#.#
#.#.##.#####....##
#.#.##.##....#...
#.#.##.# #...{# #.#.##.#
#. #@# #.#.##.# ##. #.#
#
##.#.##.##.##.##.##.##.#
...#.##).....<.........#
.......†.>.###...#######
##.#..####.# #.###
##......##.# #.#
####....##.# #.#
###.....##.# #.#


There were no monsters in sight!

Vanquished Creatures
  A scorpion (D:2)
  An adder (D:3)
  4 worms
  2 dart slugs
  5 orcs (D:3)
  8 ball pythons
  7 endoplasms
  4 giant cockroaches
  2 goblins
  4 hobgoblins (D:1)
  8 jackals (D:2)
  3 bats
  2 frilled lizards
  2 kobolds
  6 rats (D:1)
59 creatures vanquished.

Notes
Turn   | Place    | Note
-------+----------+-------------------------------------------
     0 | D:1      | safid the Hill Orc Fighter began the quest for the Orb.
     0 | D:1      | Reached XP level 1. HP: 19/19 MP: 1/1
   191 | D:1      | Reached XP level 2. HP: 27/27 MP: 2/2
   494 | D:1      | Reached XP level 3. HP: 30/33 MP: 3/3
  1410 | D:2      | Reached XP level 4. HP: 40/40 MP: 4/4
  1494 | D:2      | Found a faded altar of an unknown god.
  1494 | D:2      | Noticed a scorpion
  1502 | D:2      | Killed a scorpion
  1503 | D:2      | Reached XP level 5. HP: 17/46 MP: 5/5
  2394 | D:3      | Noticed Sigmund
  2410 | D:3      | Mangled by Sigmund

Illustrated notes

Levels and vault maps discovered:
D:1:      nzn_arrival_depleted_hourglass, layout_rooms, item_on_display_a
D:2:      layout_rooms, hellmonk_ecumenical_altar_leap_of_faith,
          hangedman_glass_teeth, kennysheep_generic_room_11
D:3:      layout_loops_ring, nicolae_overflow_hidden_temple, uniq_jessica,
          uniq_sigmund, uniq_robin

Skill      XL: |  1  2  3  4 |
---------------+-------------+-----
Axes           | 3 4 |  4.9
Fighting       | 4 |  4.2
Armour         | 4 |  4.1
Shields        | 4 |  4.3

Action                   |  1- 3 |  4- 6 || total
-------------------------+-------+-------++-------
Melee: War axe           |   122 |    64 ||   186
Throw: Boomerang         |       |     3 ||     3
  Use: Potion            |       |     1 ||     1
Armor: Scale mail        |    64 |    35 ||    99
Dodge: Dodged            |    48 |    19 ||    67
Block: Kite shield       |    76 |    40 ||   116
